TOP OF THE 1ST |
Florida State Seminoles batting - Pitching for Pittsburgh Panthers : RHP Ricardo Ramírez
|
Pitching: RHP Ricardo Ramírez
|
|
Batting: RHB Art Cameron
|
0-0: Ball 1-0: Called Strike 1-1: Foul Ball, location: 2F 1-2: Strikes out swinging
|
Batting: RHB Pedro López
|
0-0: Ball 1-0: Ball 2-0: Foul Ball, location: 2F 2-1: Ball 3-1: Base on Balls
|
Batting: LHB Max Hebert
|
0-0: Ball 1-0: Called Strike 1-1: Ball 2-1: Grounds into double play, 6-4-3 (Groundball, 6)
|
Top of the 1st over - 0 run(s), 0 hit(s), 0 error(s), 0 left on base; Florida State 0 - Pittsburgh 0 |
BOTTOM OF THE 1ST |
Pittsburgh Panthers batting - Pitching for Florida State Seminoles : RHP Mike Moyer
|
Pitching: RHP Mike Moyer
|
|
Batting: RHB Gerald Arnold
|
0-0: Ground out 6-3 (Groundball, 6)
|
Batting: RHB David Kerr
|
0-0: Fly out, F8 (Flyball, 8RS)
|
Batting: SHB Tim Mullen
|
0-0: Called Strike 0-1: Called Strike 0-2: Strikes out swinging
|
Bottom of the 1st over - 0 run(s), 0 hit(s), 0 error(s), 0 left on base; Florida State 0 - Pittsburgh 0 |
TOP OF THE 2ND |
Florida State Seminoles batting - Pitching for Pittsburgh Panthers : RHP Ricardo Ramírez
|
Batting: LHB Richard Olvera
|
0-0: Ball 1-0: SOLO HOME RUN (Flyball, 8RXD), Distance : 393 ft
|
Batting: SHB Chris Morse
|
0-0: Called Strike 0-1: Foul Ball, location: 2F 0-2: Ball 1-2: Strikes out swinging
|
Batting: RHB Mike Cleveland
|
0-0: Fly out, F7 (Popup, 7S)
|
Batting: RHB Tyler Wilder
|
0-0: DOUBLE (Line Drive, 8LM)
|
Batting: RHB Larry Ferguson
|
0-0: Called Strike 0-1: Foul Ball, location: 2F 0-2: Ball 1-2: Strikes out swinging
|
Top of the 2nd over - 1 run(s), 2 hit(s), 0 error(s), 1 left on base; Florida State 1 - Pittsburgh 0 |
BOTTOM OF THE 2ND |
Pittsburgh Panthers batting - Pitching for Florida State Seminoles : RHP Mike Moyer
|
Batting: RHB Aaron Grizzle
|
0-0: Ball 1-0: Foul Ball, location: 2F 1-1: Ball 2-1: Ball 3-1: Reached on error, E5 (Groundball, 5)
|
Batting: SHB Jacob Everett
|
0-0: Ball 1-0: Called Strike 1-1: Ball 2-1: Ball 3-1: Foul Ball, location: 2F 3-2: Foul Ball, location: 2F 3-2: Foul Ball, location: 2F 3-2: Foul Ball, location: 2F 3-2: Strikes out swinging
|
Batting: SHB Chet Johnston
|
0-0: Called Strike 0-1: Swinging Strike 0-2: Ball 1-2: Ball 2-2: Ground out 6-3 (Groundball, 6M) Aaron Grizzle to third
|
Batting: RHB Félix Ruíz
|
0-0: Ball 1-0: Swinging Strike 1-1: Ball 2-1: Swinging Strike 2-2: Ground out 5-3 (Groundball, 5)
|
Bottom of the 2nd over - 0 run(s), 0 hit(s), 1 error(s), 1 left on base; Florida State 1 - Pittsburgh 0 |
TOP OF THE 3RD |
Florida State Seminoles batting - Pitching for Pittsburgh Panthers : RHP Ricardo Ramírez
|
Batting: SHB Gary Williams
|
0-0: Swinging Strike 0-1: Ground out 6-3 (Groundball, 6M)
|
Batting: RHB Art Cameron
|
0-0: Ball 1-0: Ball 2-0: Ball 3-0: Called Strike 3-1: Ground out 6-3 (Groundball, 6)
|
Batting: RHB Pedro López
|
0-0: Ball 1-0: Foul Ball, location: 2F 1-1: Swinging Strike 1-2: Strikes out swinging
|
Top of the 3rd over - 0 run(s), 0 hit(s), 0 error(s), 0 left on base; Florida State 1 - Pittsburgh 0 |
BOTTOM OF THE 3RD |
Pittsburgh Panthers batting - Pitching for Florida State Seminoles : RHP Mike Moyer
|
Batting: LHB Dennis Lovett
|
0-0: Called Strike 0-1: Foul Ball, location: 2F 0-2: Foul Ball, location: 2F 0-2: Foul Ball, location: 2F 0-2: Reached on error, E4 (Groundball, 4)
|
Batting: RHB Pat Moore
|
0-0: Called Strike 0-1: Ball 1-1: Fly out, F7 (Flyball, 8LS)
|
Batting: RHB Gerald Arnold
|
0-0: Ball 1-0: Ball 2-0: Fly out, F9 (Flyball, 9S)
|
Batting: RHB David Kerr
|
0-0: Ball Dennis Lovett is caught stealing 2nd base
|
Bottom of the 3rd over - 0 run(s), 0 hit(s), 1 error(s), 0 left on base; Florida State 1 - Pittsburgh 0 |
TOP OF THE 4TH |
Florida State Seminoles batting - Pitching for Pittsburgh Panthers : RHP Ricardo Ramírez
|
Batting: LHB Max Hebert
|
0-0: Ball 1-0: Fly out, F7 (Flyball, 7LM)
|
Batting: LHB Richard Olvera
|
0-0: Ball 1-0: Ball 2-0: Ball 3-0: Called Strike 3-1: Foul Ball, location: 2F 3-2: Base on Balls
|
Batting: SHB Chris Morse
|
0-0: Called Strike 0-1: Foul Ball, location: 2F 0-2: Ball 1-2: Ball 2-2: Foul Ball, location: 2F 2-2: Fly out, F9 (Flyball, 9M)
|
Batting: RHB Mike Cleveland
|
0-0: Ball 1-0: Ball 2-0: Ball 3-0: Base on Balls Richard Olvera to second
|
Batting: RHB Tyler Wilder
|
0-0: Called Strike 0-1: Ball 1-1: Ground out 6-3 (Groundball, 6)
|
Top of the 4th over - 0 run(s), 0 hit(s), 0 error(s), 2 left on base; Florida State 1 - Pittsburgh 0 |
BOTTOM OF THE 4TH |
Pittsburgh Panthers batting - Pitching for Florida State Seminoles : RHP Mike Moyer
|
Batting: RHB David Kerr
|
0-0: Ball 1-0: Foul Ball, location: 2F 1-1: Ball 2-1: Ground out 4-3 (Groundball, 4)
|
Batting: SHB Tim Mullen
|
0-0: Ball 1-0: Called Strike 1-1: Called Strike 1-2: Ground out 6-3 (Groundball, 6)
|
Batting: RHB Aaron Grizzle
|
0-0: Reached on error, E5 (Groundball, 5S)
|
Batting: SHB Jacob Everett
|
0-0: Ball 1-0: Ball 2-0: Ball 3-0: Called Strike 3-1: Called Strike 3-2: Fly out, F7 (Flyball, 7LMF)
|
Bottom of the 4th over - 0 run(s), 0 hit(s), 1 error(s), 1 left on base; Florida State 1 - Pittsburgh 0 |
TOP OF THE 5TH |
Florida State Seminoles batting - Pitching for Pittsburgh Panthers : RHP Ricardo Ramírez
|
Batting: RHB Larry Ferguson
|
0-0: Foul Ball, location: 2F 0-1: Foul Ball, location: 2F 0-2: Strikes out swinging
|
Batting: SHB Gary Williams
|
0-0: Called Strike 0-1: Foul Ball, location: 2F 0-2: Foul Ball, location: 2F 0-2: Ball 1-2: Strikes out swinging
|
Batting: RHB Art Cameron
|
0-0: Called Strike 0-1: Ball 1-1: Called Strike 1-2: Foul Ball, location: 2F 1-2: Foul Ball, location: 2F 1-2: Ball 2-2: Ball 3-2: Strikes out looking
|
Top of the 5th over - 0 run(s), 0 hit(s), 0 error(s), 0 left on base; Florida State 1 - Pittsburgh 0 |
BOTTOM OF THE 5TH |
Pittsburgh Panthers batting - Pitching for Florida State Seminoles : RHP Mike Moyer
|
Batting: SHB Chet Johnston
|
0-0: Ground out 6-3 (Groundball, 6)
|
Batting: RHB Félix Ruíz
|
0-0: Ball 1-0: Called Strike 1-1: Swinging Strike 1-2: Strikes out swinging
|
Batting: LHB Dennis Lovett
|
0-0: Foul Ball, location: 2F 0-1: Ball 1-1: Foul Ball, location: 2F 1-2: Ball 2-2: Ball 3-2: Strikes out swinging
|
Bottom of the 5th over - 0 run(s), 0 hit(s), 0 error(s), 0 left on base; Florida State 1 - Pittsburgh 0 |
TOP OF THE 6TH |
Florida State Seminoles batting - Pitching for Pittsburgh Panthers : RHP Ricardo Ramírez
|
Batting: RHB Pedro López
|
0-0: Swinging Strike 0-1: Ball 1-1: SINGLE (Flyball, 89M)
|
Batting: LHB Max Hebert
|
0-0: Ball 1-0: SINGLE (Flyball, 8RS) Pedro López to second Throwing error, E8 Pedro López scores Max Hebert to second
|
Batting: LHB Richard Olvera
|
0-0: Ball 1-0: Called Strike 1-1: Ball 2-1: Foul Ball, location: 2F 2-2: SINGLE (Line Drive, 56) Max Hebert to third
|
Pitching: LHP Lee McConnell
|
|
Batting: SHB Chris Morse
|
0-0: Ball 1-0: Ball 2-0: DOUBLE (Line Drive, 8LD) Max Hebert scores Richard Olvera to third
|
Pinch Runner at 2nd Larry Davis:
|
|
Batting: RHB Mike Cleveland
|
0-0: Ball 1-0: Fly out, F3 (Popup, 3SF)
|
Batting: RHB Tyler Wilder
|
0-0: Ball Wild Pitch! Richard Olvera scores Larry Davis to third 1-0: Called Strike 1-1: SINGLE (Line Drive, 6MD) Larry Davis scores
|
Batting: RHB Larry Ferguson
|
0-0: Fly out, F8 (Flyball, 8RM)
|
Batting: SHB Gary Williams
|
0-0: Ball 1-0: SINGLE (Groundball, 6MD) Tyler Wilder to second
|
Batting: RHB Art Cameron
|
0-0: Called Strike 0-1: Ball 1-1: Ball 2-1: Fly out, F9 (Flyball, 89M)
|
Top of the 6th over - 4 run(s), 6 hit(s), 1 error(s), 2 left on base; Florida State 5 - Pittsburgh 0 |
BOTTOM OF THE 6TH |
Pittsburgh Panthers batting - Pitching for Florida State Seminoles : RHP Mike Moyer
|
Now at 3B: Larry Davis
|
|
Batting: RHB Pat Moore
|
0-0: Ball 1-0: Called Strike 1-1: Foul Ball, location: 2F 1-2: Ground out 6-3 (Groundball, 6)
|
Batting: RHB Gerald Arnold
|
0-0: Ball 1-0: Foul Ball, location: 2F 1-1: Ball 2-1: SINGLE (Groundball, 13) (infield hit)
|
Batting: RHB David Kerr
|
0-0: Ball Gerald Arnold is caught stealing 2nd base 1-0: TRIPLE (Line Drive, 89M)
|
Batting: SHB Tim Mullen
|
0-0: Ball 1-0: Swinging Strike 1-1: Ball 2-1: Foul Ball, location: 2F 2-2: Ball 3-2: Strikes out swinging
|
Bottom of the 6th over - 0 run(s), 2 hit(s), 0 error(s), 1 left on base; Florida State 5 - Pittsburgh 0 |
TOP OF THE 7TH |
Florida State Seminoles batting - Pitching for Pittsburgh Panthers : LHP Lee McConnell
|
Batting: RHB Pedro López
|
0-0: Ball 1-0: Ball 2-0: Fly out, F8 (Flyball, 8LXD)
|
Batting: LHB Max Hebert
|
0-0: Foul Ball, location: 2F 0-1: Swinging Strike 0-2: Strikes out swinging
|
Batting: LHB Richard Olvera
|
0-0: Ball 1-0: Fly out, F3 (Line Drive, 34)
|
Top of the 7th over - 0 run(s), 0 hit(s), 0 error(s), 0 left on base; Florida State 5 - Pittsburgh 0 |
BOTTOM OF THE 7TH |
Pittsburgh Panthers batting - Pitching for Florida State Seminoles : RHP Mike Moyer
|
Pitching: LHP Mike Edmonds
|
|
Batting: RHB Aaron Grizzle
|
0-0: Ball 1-0: Fly out, F6 (Popup, 6D)
|
Batting: SHB Jacob Everett
|
0-0: Called Strike 0-1: Ground out 1-3 (Groundball, 13S)
|
Batting: SHB Chet Johnston
|
0-0: Ball 1-0: Ground out 4-3 (Groundball, 4)
|
Bottom of the 7th over - 0 run(s), 0 hit(s), 0 error(s), 0 left on base; Florida State 5 - Pittsburgh 0 |
TOP OF THE 8TH |
Florida State Seminoles batting - Pitching for Pittsburgh Panthers : LHP Lee McConnell
|
Pitching: RHP Dave Andrews
|
|
Batting: RHB Larry Davis
|
0-0: Called Strike 0-1: SINGLE (Groundball, 4MD)
|
Batting: RHB Mike Cleveland
|
0-0: Bunted foul 0-1: Sac Bunt - play at first, batter OUT! 1-4 Larry Davis to second
|
Batting: RHB Tyler Wilder
|
0-0: Ball 1-0: Ground out 6-3 (Groundball, 56)
|
Batting: RHB Larry Ferguson
|
0-0: Called Strike 0-1: Ball 1-1: Ball 2-1: Foul Ball, location: 2F 2-2: Fly out, F7 (Flyball, 7LM)
|
Top of the 8th over - 0 run(s), 1 hit(s), 0 error(s), 1 left on base; Florida State 5 - Pittsburgh 0 |
BOTTOM OF THE 8TH |
Pittsburgh Panthers batting - Pitching for Florida State Seminoles : LHP Mike Edmonds
|
Batting: RHB Félix Ruíz
|
0-0: Called Strike 0-1: Reached on error, E5 (Groundball, 5L)
|
Batting: LHB Dennis Lovett
|
0-0: Ball 1-0: SINGLE (Groundball, 6MS) Félix Ruíz to second
|
Batting: RHB Pat Moore
|
0-0: Fielders Choice at 3rd, U5 (Groundball, 5L) Dennis Lovett to second
|
Batting: RHB Gerald Arnold
|
0-0: Foul Ball, location: 2F 0-1: Ball 1-1: Fly out, F9 (Flyball, 89S)
|
Batting: RHB David Kerr
|
0-0: Ground out 4-3 (Groundball, 4)
|
Bottom of the 8th over - 0 run(s), 1 hit(s), 1 error(s), 2 left on base; Florida State 5 - Pittsburgh 0 |
TOP OF THE 9TH |
Florida State Seminoles batting - Pitching for Pittsburgh Panthers : RHP Dave Andrews
|
Batting: SHB Gary Williams
|
0-0: Called Strike 0-1: Foul Ball, location: 2F 0-2: Ball 1-2: Ball 2-2: Ball 3-2: Foul Ball, location: 2F 3-2: Strikes out looking
|
Batting: RHB Art Cameron
|
0-0: Ground out 1-3 (Groundball, 23)
|
Batting: RHB Pedro López
|
0-0: Ball 1-0: Ball 2-0: Ball 3-0: Called Strike
|
|
|
|
3-1: Base on Balls
|
Batting: LHB Max Hebert
|
0-0: Ball 1-0: Ball 2-0: Called Strike 2-1: Swinging Strike 2-2: DOUBLE (Line Drive, 8LXD) Pedro López to third Runner from 3rd tries for Home, SAFE, no throw or cutoff
|
Batting: LHB Richard Olvera
|
0-0: Called Strike 0-1: Fly out, F7 (Flyball, 7LM)
|
Top of the 9th over - 1 run(s), 1 hit(s), 0 error(s), 1 left on base; Florida State 6 - Pittsburgh 0 |
BOTTOM OF THE 9TH |
Pittsburgh Panthers batting - Pitching for Florida State Seminoles : LHP Mike Edmonds
|
Batting: SHB Tim Mullen
|
0-0: Called Strike 0-1: Ground out 5-3 (Groundball, 56)
|
Batting: RHB Aaron Grizzle
|
0-0: Foul Ball, location: 2F 0-1: Ball 1-1: Foul Ball, location: 2F 1-2: Foul Ball, location: 2F 1-2: SINGLE (Line Drive, 4D)
|
Batting: SHB Jacob Everett
|
0-0: Ground out 5-3 (Groundball, 56S) Aaron Grizzle to second
|
Batting: SHB Chet Johnston
|
0-0: Ball 1-0: Ball 2-0: Fly out, F9 (Popup, 9LS)
|
Bottom of the 9th over - 0 run(s), 1 hit(s), 0 error(s), 1 left on base; Florida State 6 - Pittsburgh 0 |
|
|